 Dungeon Crawl Stone Soup version 0.30-a0-457-g4b7bca3bfa (webtiles) character file.

Game seed: 5539918911751117485

11783 pokeman the Eclecticist (level 11, -4/64 HPs)
             Began as a Deep Elf Hedge Wizard on Dec 13, 2022.
             Was a Priest of Vehumet.
             Slain by a harpy skeleton (5 damage)
             ... on level 3 of the Abyss.
             The game lasted 00:41:25 (13885 turns).

pokeman the Eclecticist (Deep Elf Hedge Wizard)    Turns: 13885, Time: 00:41:26

Health: -4/64      AC: 12    Str:  7    XL:     11   Next: 53%
Magic:  32/32      EV: 13    Int: 27    God:    Vehumet [***...]
Gold:   558        SH:  0    Dex: 14    Spells: 13/40 levels left

rFire   . . .      SeeInvis .    g - +3 trident (venom)
rCold   . . .      Faith    .    (no shield)
rNeg    + + +      Spirit   .    R - +2 robe {rN+}
rPois   .          Reflect  .    O - +2 helmet {Int+3}
rElec   .          Harm     .    q - +0 cloak
rCorr   .          Rampage  .    L - +0 pair of gloves
Will    +....                    T - +1 pair of boots of the Spheres {Fly rN++}
Stlth   ++........               G - amulet of magic regeneration
HPRegen 0.30/turn                p - ring of flight
MPRegen 0.63/turn                K - ring of positive energy

@: flying
A: no striking features
a: Renounce Religion


You were on level 3 of the Abyss.
You worshipped Vehumet.
Vehumet was most pleased with you.
You visited 2 branches of the dungeon, and saw 13 of its levels.
You visited the Abyss 1 time.
You also visited: Bailey and Gauntlet.

You collected 656 gold pieces.
You spent 98 gold pieces at shops.

Inventory:

Hand Weapons
 g - a +3 trident of venom (weapon)
 t - a +3 shortbow of flaming
Missiles
 A - 3 curare-tipped darts
 D - a throwing net
Armour
 q - a +0 cloak (worn)
 L - a +0 pair of gloves (worn)
 M - a +1 ring mail of cold resistance
 O - a +2 helmet of intelligence (worn)
 R - a +2 robe of positive energy (worn)
 S - a +1 pair of boots of rampaging
 T - the +1 pair of boots of the Spheres (worn) {Fly rN++}
   (You found it on level 10 of the Dungeon)

   rN:        It greatly protects you from negative energy.
   Fly:       It grants you flight.
Magical Staves
 E - a staff of conjuration
 F - a staff of air
Jewellery
 p - a ring of flight (left hand)
 u - an amulet of guardian spirit
 G - an amulet of magic regeneration (around neck)
 K - a ring of positive energy (right hand)
 N - the ring of Dawn {Ice Str+5 Slay-4}
   (You found it in a bailey)

   [ring of ice]

   It enhances your ice magic.
   Str:       It affects your strength (+5).
   Slay:      It affects your accuracy & damage with ranged weapons and melee
   (-4).
   rF:        It makes you vulnerable to fire.
   rC:        It protects you from cold.
Wands
 r - a wand of acid (1)
 v - a wand of roots (6)
 x - a wand of digging (5)
 Q - a wand of paralysis (3)
Scrolls
 a - a scroll of vulnerability
 c - 2 scrolls of blinking
 e - 5 scrolls of teleportation
 f - a scroll of fog
 h - a scroll of amnesia
 j - 2 scrolls of butterflies
 m - a scroll of enchant armour
 n - a scroll of identify
 s - 4 scrolls of magic mapping
 w - 3 scrolls of immolation
 y - 2 scrolls of enchant weapon
 I - 3 scrolls of fear {unknown}
 U - 2 scrolls of noise {unknown}
Potions
 b - 2 potions of cancellation
 d - 2 potions of magic
 i - 3 potions of berserk rage
 k - 4 potions of haste
 l - 3 potions of heal wounds
 o - 9 potions of curing
 z - 2 potions of resistance {unknown}
 B - a potion of mutation
 C - 2 potions of lignification {unknown}
 H - a potion of degeneration {unknown}
 J - 4 potions of might {unknown}
 P - a potion of flight {unknown}
Miscellaneous
 V - a phantom mirror


   Skills:
 + Level 5.5 Fighting
 - Level 5.0 Armour
 - Level 3.0 Dodging
 - Level 3.0 Stealth
 * Level 15.4 Spellcasting
 + Level 9.1 Conjurations
 - Level 1.1 Summonings
 - Level 1.2 Necromancy
 - Level 1.1 Translocations
 + Level 6.8 Fire Magic
 - Level 1.0 Air Magic
 - Level 1.0 Earth Magic
 - Level 1.0 Poison Magic
 - Level 2.0 Evocations


You had 13 spell levels left.
You knew the following spells:

 Your Spells              Type           Power      Damage    Failure   Level
a - Magic Dart            Conj           100%       1d8       1%          1
b - Mephitic Cloud        Conj/Pois/Air  41%        N/A       1%          3
c - Call Imp              Summ           26%        N/A       2%          2
d - Blink                 Tloc           52%        N/A       2%          2
e - Ignition              Fire           27%        3d9       90%         8
f - Shock                 Conj/Air       100%       1d9       1%          1
g - Iron Shot             Conj/Erth      24%        9d5       13%         6
h - Iskenderun's Mystic   Conj/Tloc      48%        2d11      1%          4

Your spell library contained the following spells:

 Spells                   Type           Power      Damage    Failure   Level
 Kindle Blastsparks       Fire/Tloc/Air  74%        2d16      1%          3
 Dazzling Flash           Conj/Hex       90%        N/A       1%          3
 Ignite Poison            Fire/Tmut/Pois 35%        N/A       1%          3
 Sticky Flame             Conj/Fire      59%        2d7       1%          4
 Slow                     Hex            80%        N/A       2%          1
 Cigotuvi's Dreadful Rot  Necr/Pois/Air  54%        N/A       2%          2
 Call Canine Familiar     Summ           26%        N/A       4%          3
 Vampiric Draining        Necr           27%        2d7       4%          3
 Starburst                Conj/Fire      29%        6d9       4%          6
 Portal Projectile        Hex/Tloc       46%        N/A       6%          3
 Confusing Touch          Hex            20%        N/A       8%          3
 Ozocubu's Armour         Ice            20%        N/A       8%          3
 Dispel Undead            Necr           27%        3d13      14%         4
 Animate Armour           Summ/Erth      52%        N/A       16%         4
 Leda's Liquefaction      Hex/Erth       11%        N/A       21%         4
 Blade Hands              Tmut           10%        N/A       56%         5
 Death Channel            Necr           13%        N/A       92%         6
 Ozocubu's Refrigeration  Ice            10%        4d9       99%         7


Dungeon Overview and Level Annotations

Branches:
Dungeon (12/15)            Temple (1/1) D:7            Lair (0/5) D:10
    Orc (0/2) D:10         Bailey (visited)         Gauntlet (visited)

Altars:
Ashenzari
Cheibriados
Dithmenos
Elyvilon
Fedhas
Gozag
Hepliaklqana
Kikubaaqudgha
Makhleb
Nemelex Xobeh
Okawaru
Qazlal
Ru
Sif Muna
Trog
Uskayaw
Vehumet
Wu Jian
Xom
Yredelemnul
Zin
The Shining One

Shops:
D:3 ?

Portals:
Trove: D:12 (lose all piety)

Annotations:
Gauntlet 11 transporters, 3 runed translucent doors


Message History

Something barely misses you. Something hits you!
* * * LOW HITPOINT WARNING * * *
Something hits you.
* * * LOW HITPOINT WARNING * * *
Something hits you but does no damage.
You are suddenly pulled into a different region of the Abyss!
You start resting.
You are suddenly pulled into a different region of the Abyss!
You start resting.
A cyan very ugly thing comes into view.
The cyan very ugly thing gurgles horribly!
A small abomination comes into view.
A small abomination comes into view.
A harpy skeleton comes into view.
The abyssal matter surrounding you shimmers strangely.
You detect the abyssal rune!
The small abomination attacks as you move away!
The small abomination hits you!
An ancient zyme comes into view.
You feel yourself growing ill in the presence of the ancient zyme.
A white imp comes into view.
The harpy skeleton claws you but does no damage.
The harpy skeleton claws you. x3; The small abomination hits you!
* * * LOW HITPOINT WARNING * * *
The small abomination attacks as you move away!
The small abomination barely misses you.
The harpy skeleton barely misses you.
The harpy skeleton completely misses you.
A caustic shrike skeleton comes into view.
The harpy skeleton attacks as you move away!
The harpy skeleton claws you.
* * * LOW HITPOINT WARNING * * *
The harpy skeleton claws you.
* * * LOW HITPOINT WARNING * * *
The harpy skeleton claws you but does no damage. x2
The harpy skeleton claws you.
* * * LOW HITPOINT WARNING * * *
The harpy skeleton claws you.
You die...

#..#...# #.....#
#..... # #### . #
.....##... ..
......###..#.# 5.#
.....x#......#.#..
#..#...#.##x......
#....#....#Z........
.... #...#.@.##....
.. ##..#..#......# #
..#.##..#### ..####.
.... ..# . #### . #.
. ..


You could see an ancient zyme, a small abomination, a white imp (wandering) and
a harpy skeleton.

Vanquished Creatures
  A deep elf annihilator (D:10)
  3 two-headed ogres
  A wizard (D:10)
  Pikel (D:9)
  A deep elf pyromancer (D:12)
  An orc sorcerer (D:10)
  A cyclops (D:11)
  Maurice (D:9)
  A gargoyle (Bailey)
  A troll (D:11)
  2 hornets (D:10)
  9 yaks (D:10)
  3 wraiths
  A vampire (Bailey)
  An acid dragon (D:11)
  Duvessa (D:5)
  4 orc warriors
  2 black bears
  A sky beast (D:7)
  3 ogres
  A centaur (D:5)
  A phantom (D:5)
  A lemure (D:9)
  3 bullfrogs
  A scorpion (D:7)
  3 gnoll sergeants
  7 wights
  Dowan (D:5)
  7 killer bees
  8 vampire bats (Bailey)
  8 wolf zombies (Bailey)
  A howler monkey (D:12)
  A gnoll bouda (D:9)
  A hound (D:4)
  3 jellies
  6 orc priests
  2 iguanas
  Ijyb (D:3)
  11 orc wizards
  20 gnolls
  7 adders
  A shadow imp (D:7)
  3 white imps
  An ufetubus (D:4)
  2 worms
  2 dart slugs
  40 orcs
  4 endoplasms
  A giant cockroach (D:2)
  26 goblins
  8 hobgoblins
  3 jackals (D:3)
  16 kobolds
  3 quokkas
  5 ball pythons
  5 bats
  7 frilled lizards
  20 orc zombies (Bailey)
  6 rats
286 creatures vanquished.

Vanquished Creatures (collateral kills)
  A killer bee (D:10)
  A gnoll (D:7)
2 creatures vanquished.

Grand Total: 288 creatures vanquished

Notes
Turn   | Place    | Note
-------+----------+-------------------------------------------
     0 | D:1      | pokeman the Deep Elf Hedge Wizard began the quest for the
                  | Orb.
     0 | D:1      | Reached XP level 1. HP: 10/10 MP: 7/7
   398 | D:1      | Reached XP level 2. HP: 16/16 MP: 6/9
  1444 | D:2      | Reached skill level 5 in Spellcasting
  1628 | D:2      | Reached XP level 3. HP: 20/20 MP: 7/11
  1632 | D:2      | Learned a level 3 spell: Mephitic Cloud
  1635 | D:2      | Learned a level 2 spell: Call Imp
  1638 | D:2      | Learned a level 2 spell: Blink
  2440 | D:3      | Reached skill level 1 in Armour
  2489 | D:3      | Reached skill level 1 in Fighting
  2489 | D:3      | Reached XP level 4. HP: 17/25 MP: 2/13
  2651 | D:3      | Found a stormy altar of Qazlal.
  3011 | D:3      | Found Zoysh's Magic Scroll Boutique.
  3034 | D:3      | Bought a scroll of teleportation for 42 gold pieces
  3034 | D:3      | Bought a scroll of identify for 28 gold pieces
  3034 | D:3      | Bought a scroll of identify for 28 gold pieces
  3112 | D:3      | Reached skill level 6 in Spellcasting
  3402 | D:3      | Reached XP level 5. HP: 29/29 MP: 11/15
  3582 | D:3      | Noticed Ijyb
  3597 | D:3      | Killed Ijyb
  4138 | D:4      | Noticed an ogre
  4157 | D:4      | Killed an ogre
  4158 | D:4      | Reached skill level 1 in Air Magic
  4158 | D:4      | Reached skill level 1 in Evocations
  4158 | D:4      | Reached XP level 6. HP: 24/34 MP: 4/17
  4444 | D:4      | Identified the +10 short sword "Wuashelu" {antimagic, rF++}
  4653 | D:4      | Reached skill level 7 in Spellcasting
  4996 | D:4      | Reached skill level 1 in Poison Magic
  5239 | D:4      | Found an ornate altar of the Wu Jian Council.
  5529 | D:5      | Entered Level 5 of the Dungeon
  5529 | D:5      | Found a burning altar of Makhleb.
  5623 | D:5      | Reached XP level 7. HP: 33/40 MP: 17/20
  5644 | D:5      | Reached skill level 8 in Spellcasting
  5826 | D:5      | Noticed Dowan
  5827 | D:5      | Noticed Duvessa
  5842 | D:5      | Killed Duvessa
  5859 | D:5      | Reached XP level 8. HP: 12/45 MP: 15/22
  5991 | D:5      | Killed Dowan
  5992 | D:5      | Reached skill level 9 in Spellcasting
  6693 | D:6      | Reached skill level 5 in Conjurations
  6799 | D:6      | Found an iron altar of Okawaru.
  6819 | D:6      | Learned a level 8 spell: Ignition
  7385 | D:7      | Reached skill level 10 in Spellcasting
  7473 | D:7      | Found a staircase to the Ecumenical Temple.
  7480 | Temple   | Entered the Ecumenical Temple
  7528 | Temple   | Became a worshipper of Vehumet
  7921 | D:7      | HP: 2/48 [poisoned by a killer bee]
  8234 | D:7      | Reached XP level 9. HP: 51/52 MP: 25/25
  8563 | D:8      | Reached skill level 1 in Fire Magic
  8568 | D:8      | Reached skill level 11 in Spellcasting
  8626 | D:8      | Found a flagged portal.
  8694 | Bailey   | Entered a bailey
  8874 | Bailey   | Reached * piety under Vehumet
  8874 | Bailey   | Offered knowledge of Shock by Vehumet.
  8884 | Bailey   | Learned a level 1 spell: Shock
  8921 | Bailey   | Reached skill level 1 in Necromancy
  9028 | Bailey   | Noticed a gargoyle
  9033 | Bailey   | Killed a gargoyle
  9103 | Bailey   | Reached skill level 12 in Spellcasting
  9112 | Bailey   | Identified the ring of Dawn {Ice Str+5 Slay-4}
  9199 | Bailey   | Offered knowledge of Momentum Strike by Vehumet.
  9334 | Bailey   | Reached ** piety under Vehumet
  9435 | Bailey   | Found the +6 lightning scales {swift, rElec}
  9749 | D:8      | Learned a level 6 spell: Iron Shot
 10136 | D:8      | Reached XP level 10. HP: 55/56 MP: 28/28
 10504 | D:9      | Offered knowledge of Frozen Ramparts by Vehumet.
 10514 | D:9      | Reached skill level 1 in Earth Magic
 10622 | D:9      | Found a sparkling altar of Nemelex Xobeh.
 10648 | D:9      | Noticed Maurice
 10676 | D:9      | Killed Maurice
 10856 | D:9      | Noticed a two-headed ogre
 10873 | D:9      | Killed a two-headed ogre
 10874 | D:9      | Reached skill level 5 in Armour
 10874 | D:9      | Reached skill level 13 in Spellcasting
 10904 | D:9      | Noticed Pikel
 10922 | D:9      | Killed Pikel
 10964 | D:9      | Found a shadowy altar of Dithmenos.
 10964 | D:9      | Found an opulent altar of Gozag.
 10972 | D:9      | Found a faded altar of an unknown god.
 10974 | D:9      | Found a basalt altar of Yredelemnul.
 10976 | D:9      | Found a white marble altar of Elyvilon.
 11217 | D:10     | Entered Level 10 of the Dungeon
 11217 | D:10     | Found a staircase to the Lair.
 11233 | D:10     | Reached *** piety under Vehumet
 11242 | D:10     | Reached skill level 5 in Fire Magic
 11428 | D:10     | Found a staircase to the Orcish Mines.
 11467 | D:10     | Noticed a deep elf annihilator
 11488 | D:10     | Reached skill level 14 in Spellcasting
 11491 | D:10     | Noticed an orc sorcerer
 11494 | D:10     | Noticed a rust devil
 11520 | D:10     | Killed an orc sorcerer
 11543 | D:10     | Killed a deep elf annihilator
 11543 | D:10     | Offered knowledge of Kindle Blastsparks by Vehumet.
 11544 | D:10     | Reached XP level 11. HP: 57/62 MP: 31/31
 11687 | D:10     | Noticed a wizard
 11759 | D:10     | Noticed a two-headed ogre
 11770 | D:10     | Killed a two-headed ogre
 11771 | D:10     | Reached skill level 5 in Fighting
 11901 | D:10     | Identified the +1 pair of boots of the Spheres {Fly rN++}
 12101 | D:10     | Killed a wizard
 12102 | D:10     | Reached skill level 15 in Spellcasting
 12215 | D:10     | Found a blossoming altar of Fedhas.
 12374 | D:10     | Found an ancient bone altar of Kikubaaqudgha.
 12552 | D:11     | Noticed a two-headed ogre
 12565 | D:11     | Killed a two-headed ogre
 13479 | D:12     | Noticed a deep elf pyromancer
 13487 | D:12     | Killed a deep elf pyromancer
 13500 | D:12     | Found a portal to a secret trove of treasure.
 13550 | D:12     | Found a gate leading to a gauntlet.
 13555 | Gauntlet | Entered a Gauntlet
 13555 | Gauntlet | Noticed a wizard
 13555 | Gauntlet | Found a transporter.
 13555 | Gauntlet | Found a transporter.
 13556 | Gauntlet | Noticed a soul eater
 13557 | Gauntlet | Found a transporter.
 13557 | Gauntlet | Found a transporter.
 13561 | Gauntlet | Found a transporter.
 13561 | Gauntlet | Found a transporter.
 13596 | Gauntlet | Found a transporter.
 13597 | Gauntlet | Found a transporter.
 13605 | Gauntlet | Found a transporter.
 13618 | Gauntlet | Noticed a death scarab
 13618 | Gauntlet | Noticed a death scarab
 13621 | Gauntlet | Found a transporter.
 13635 | Gauntlet | Found a transporter.
 13639 | Gauntlet | Found a transporter.
 13641 | Gauntlet | Found a runed translucent gate.
 13641 | Gauntlet | Found a runed translucent gate.
 13641 | Gauntlet | Found a runed translucent gate.
 13688 | Gauntlet | Learned a level 4 spell: Iskenderun's Mystic Blast
 13700 | Abyss:3  | Cast into level 3 of the Abyss (a wizard)
 13758 | Abyss:3  | Noticed a deep elf elementalist
 13768 | Abyss:3  | Noticed a large abomination
 13845 | Abyss:3  | Noticed a cyan very ugly thing
 13885 | Abyss:3  | HP: 1/64 [harpy skeleton (4)]
 13885 | Abyss:3  | Slain by a harpy skeleton

Illustrated notes

Levels and vault maps discovered:
D:1:      dpeg_arrival_leaves_temple_mockup, layout_loops_ring,
          dk_noncrumbling_3
D:2:      layout_basic
D:3:      kennysheep_goblin_castle, layout_loops_ring,
          mainiacjoe_overflow_six_doors_small, serial_shops, nicolae_shop_stone
D:4:      corexii_shantytown, layout_basic, pdpol_wu_jian_five_deadly_venoms
D:5:      layout_rooms, bloody_makhleb, uniq_duvessa
D:6:      layout_loops_ring, lemuel_round_altar
D:7:      layout_loops_ring, minmay_temple_entry_mist
D:8:      layout_layer_cave, enter_bailey_2
D:9:      layout_roguey, chequers_temple_overflow_minitemple,
          nemelex_altar_shiori, uniq_pikel, uniq_maurice
D:10:     cheibrodos_wizards_tower, layout_loops_cross,
          nicolae_overflow_hidden_temple, fedhas_altar_fruit_tree, orc_0_dummy
D:11:     layout_basic
D:12:     layout_loops_corners, nicolae_trove_entry_crossroad,
          gauntlet_entry_generic, minmay_door_square
Temple:   chequers_temple_sunken
Abyss:3:  base: Temple, minivault_11, hangedman_abyss_or_decor_stabs,
          hangedman_abyss_mock_shop, hangedman_abyss_town,
          hangedman_illusive_loot, evilmike_abyss_exit_15,
          nicolae_abyss_rune_left_handed
Gauntlet: minmay_gauntlet_77_indecision [minmay_gauntlet_arena_77_squiggly,
          minmay_gauntlet_arena_77_two_lines,
          minmay_gauntlet_arena_77_run_for_it,
          minmay_gauntlet_arena_77_chump_sandwich,
          minmay_gauntlet_arena_77_double_cross,
          minmay_gauntlet_arena_77_hold_the_fort,
          dreamdust_gauntlet_exit_labyrinth]

Skill      XL: |  1  2  3  4  5  6  7  8  9 10 11 |
---------------+----------------------------------+-----
Spellcasting   | 5 6 7 8 10 12 14 15 | 15.4
Armour         | 1 2 3 4 5 |  5.0
Fighting       | 1 2 4 5 |  5.5
Conjurations   | 2 3 4 5 6 8 9 |  9.1
Dodging        | 3 |  3.0
Stealth        | 3 |  3.0
Air Magic      | 1 |  1.0
Evocations     | 1 2 |  2.0
Poison Magic   | 1 |  1.0
Fire Magic     | 3 5 6 |  6.8
Necromancy     | 1 |  1.2
Earth Magic    | 1 |  1.0
Summonings     | |  1.1
Translocations | |  1.1

Action                   |  1- 3 |  4- 6 |  7- 9 | 10-12 || total
-------------------------+-------+-------+-------+-------++-------
Melee: Short sword       |     8 |   106 |   115 |    16 ||   245
       Punch             |       |     1 |       |     1 ||     2
       Trident           |       |       |       |    80 ||    80
 Cast: Magic Dart        |    86 |   142 |   180 |     2 ||   410
       Mephitic Cloud    |     1 |    13 |    23 |    40 ||    77
       Call Imp          |       |     1 |     4 |     2 ||     7
       Blink             |       |     1 |     5 |     1 ||     7
       Shock             |       |       |   146 |   122 ||   268
Evoke: Wand              |       |       |     8 |     4 ||    12
  Use: Scroll            |       |     9 |     5 |     3 ||    17
 Stab: Confused          |       |    12 |    16 |    15 ||    43
       Sleeping          |       |     1 |     2 |       ||     3
Armor: Robe              |     2 |       |       |    28 ||    30
       Leather armour    |     2 |    30 |    72 |     4 ||   108
Dodge: Dodged            |     9 |    58 |   144 |    65 ||   276

Table legend: (Time is in decaauts)
 A = Elapsed time spent in this place.
 B = Non-inter-level travel time spent in this place.
 C = Inter-level travel time spent in this place.
 D = Time resting spent in this place.
 E = Time spent auto-exploring this place.
 F = Levels seen in this place.
 G = Mean time per level.
                   A        B        C        D        E       F      G
               +--------+--------+--------+--------+--------+-----+--------+
         Total |  13927 |  13380 |    547 |    770 |   9911 |  16 |  870.4 |
       Dungeon |  12547 |  12036 |    511 |    697 |   9223 |  12 | 1045.6 |
        Temple |    204 |    168 |     36 |      0 |    154 |   1 |  204.0 |
         Abyss |    184 |    184 |      0 |     56 |      0 |   1 |  184.0 |
        Bailey |    845 |    845 |      0 |     17 |    534 |   1 |  845.0 |
      Gauntlet |    144 |    144 |      0 |      0 |      0 |   1 |  144.0 |
               +--------+--------+--------+--------+--------+-----+--------+

Top non-repeatable levels by time:
     D:3: 1628 daAuts
     D:4: 1603 daAuts
     D:2: 1268 daAuts
     D:1: 1162 daAuts
    D:11: 1141 daAuts
    D:10: 1140 daAuts
     D:8: 1035 daAuts
     D:7: 961 daAuts
     D:6: 867 daAuts
     D:5: 847 daAuts
  Bailey: 845 daAuts
     D:9: 789 daAuts
  Temple: 204 daAuts
 Abyss:3: 184 daAuts
Gauntlet: 144 daAuts
